[Event "*** Qualifier 1: Titled Tuesday 3|2 Blitz"]
[Site "Chess.com"]
[Date "2017.04.04"]
[Round "5"]
[White "rst2003"]
[Black "PowerThinking2650"]
[Result "0-1"]
[WhiteElo "2078"]
[BlackElo "2180"]
[TimeControl "180+2"]
[EndTime "14:10:51 PDT"]
[Termination "PowerThinking2650 won by resignation"]

1. e4 e5 2. Nf3 Nc6 3. Bc4 Nf6 4.
d3 Be7 5. Nbd2 O-O 6. h3 d6 7. c3 Na5 8. Bb5 a6 9. Ba4 b5 10. Bc2 c5 11. d4 Qc7 12. O-O Bd7 13. b3 cxd4 14. cxd4 Rfc8 15. Bd3 Nc6 16. Bb2 Nb4 17. Rc1 Qa5 18. Bb1 Nxa2 19. Rxc8+ Rxc8 20. dxe5 dxe5 21. Nxe5 Be6 22. Ndf3 Nc3 23. Qd2 Bxb3 24. Rc1 b4 25. Qf4 Ne2+ 26. Kh2 Rxc1 27. Qf5 Be6 28. Nc6 Qc7+ 0-1

[Event "*** Qualifier 1: Titled Tuesday 3|2 Blitz"]
[Site "Chess.com"]
[Date "2017.04.04"]
[Round "5"]
[White "Osensei"]
[Black "AmazingAtlas"]
[Result "0-1"]
[WhiteElo "1138"]
[BlackElo "2278"]
[TimeControl "180+2"]
[EndTime "14:10:54 PDT"]
[Termination "AmazingAtlas won by resignation"]

1. e4 c5 2. Nf3 Nc6 3. d4 cxd4 4.
Nxd4 e5 5. Nb5 d6 6. a4 Be6 7. N1a3 a6 8. Nc3 Rc8 9. Be3 Nf6 10. Nc4 Nb4 11. Bb6 Qd7 12. Ne3 Qc6 13. a5 Nxe4 14.
Ra3 Be7 15. Be2 O-O 16. Bf3 f5 17. O-O d5 18. Bxe4 fxe4 19. Ng4 Bd6 20. Ra1 d4 21. Na4 Qxc2 22. Qxc2 Nxc2 23. Rac1 Bxg4 0-1

[Event "*** Qualifier 1: Titled Tuesday 3|2 Blitz"]
[Site "Chess.com"]
[Date "2017.04.04"]
[Round "5"]
[White "Vamostodorecto"]
[Black "Titus369"]
[Result "1-0"]
[WhiteElo "2339"]
[BlackElo "2170"]
[TimeControl "180+2"]
[EndTime "14:10:58 PDT"]
[Termination "Vamostodorecto won by resignation"]

1. d4 d5 2. c4 e6 3. Nc3 Nf6 4.
cxd5 exd5 5. Bg5 Be7 6. e3 c6 7. Bd3 Nbd7 8. Qc2 Nh5 9. Bxe7 Qxe7 10. Nge2 g6 11. O-O Ndf6 12. Kh1 O-O 13. Rae1 Ng7 14. Nc1 Bf5 15. f3 Bxd3 16. Nxd3 Nf5 17. Qf2 Rfe8 18. e4 dxe4 19. fxe4 Ng4 20. Qf4 Nfh6 21. h3 Qh4 22.
Kg1 f5 23. hxg4 Nxg4 24. Rf3 fxe4 25. Nxe4 Rf8 26. Qg3 Qh5 27. Ne5 Nxe5 28. dxe5 Rxf3 29. Qxf3 1-0

[Event "*** Qualifier 1: Titled Tuesday 3|2 Blitz"]
[Site "Chess.com"]
[Date "2017.04.04"]
[Round "5"]
[White "hypert"]
[Black "Usurpov"]
[Result "0-1"]
[WhiteElo "2256"]
[BlackElo "2285"]
[TimeControl "180+2"]
[EndTime "14:10:58 PDT"]
[Termination "Usurpov won by checkmate"]

1. d4 Nf6 2. Bg5 g6 3. Bxf6 exf6 4. e3 f5 5. Bd3 Bg7 6. c4 O-O 7. Nc3 d6 8. Nge2 Re8 9. Qc2 Nd7 10. O-O-O Nf6 11. Kb1 Qe7 12. h3 c6 13. Rdg1 Ne4 14.
Bxe4 fxe4 15. g4 a6 16. h4 b5 17. cxb5 axb5 18. g5 b4 19. Nd1 Ba6 20. Nc1 c5 21.
dxc5 dxc5 22. h5 c4 23. hxg6 hxg6 24. Rh4 b3 25. axb3 cxb3 26. Qxb3 Rec8 27. Rgh1 Qc7 28.
Nc3 Rab8 29. Nd5 Rxb3 30. Nxc7 Rxb2+ 31. Ka1 Rxc7 32. Rh7 Rxf2+ 33. Kb1 Rb7+ 34. Nb3 Rxb3+ 35. Kc1 Bd3 36. Rxg7+ Kxg7 37. Rh7+ Kxh7 38. Kd1 Rb1# 0-1

[Event "*** Qualifier 1: Titled Tuesday 3|2 Blitz"]
[Site "Chess.com"]
[Date "2017.04.04"]
[Round "5"]
[White "amaidel"]
[Black "fastestmindalive"]
[Result "1-0"]
[WhiteElo "2487"]
[BlackElo "2403"]
[TimeControl "180+2"]
[EndTime "14:11:01 PDT"]
[Termination "amaidel won by resignation"]

1. e4 c5 2. Nf3 e6 3. d4 cxd4 4.
Nxd4 Bc5 5. Nb3 Bb6 6. Bd3 Ne7 7. O-O O-O 8. c4 f5 9. Nc3 Nbc6 10. exf5 Nxf5 11. c5 Bc7 12. Ne4 Qh4 13. Ng3 Ne5 14. Be2 Ng6 15. Bf3 a5 16. a4 Rb8 17. Bd2 b6 18. cxb6 Bxb6 19. Bxa5 Ba7 20. Nxf5 Rxf5 21. Bc7 Rb4 22. Bg3 Qc4 23. Rc1 Qxb3 24. Rxc8+ Rf8 25.
Qxd7 Rxa4 26. Bd1 Rd4 27. Rxf8+ Nxf8 28. Qxd4 Qxg3 29. Qxa7 Qg6 30. Qe3 h6 31. Bf3 Nh7 32. Be4 Qf6 33. Bxh7+ Kxh7 1-0

[Event "*** Qualifier 1: Titled Tuesday 3|2 Blitz"]
[Site "Chess.com"]
[Date "2017.04.04"]
[Round "5"]
[White "HaryKane"]
[Black "FMchesstrainer"]
[Result "1-0"]
[WhiteElo "2405"]
[BlackElo "2352"]
[TimeControl "180+2"]
[EndTime "14:11:08 PDT"]
[Termination "HaryKane won on time"]

1. e4 c5 2. Nf3 g6 3. d4 cxd4 4.
Qxd4 Nf6 5. e5 Nc6 6. Qa4 Nd5 7. Qe4 Nb6 8. Bb5 a6 9. Bxc6 bxc6 10. Nc3 Bg7 11. Bg5 O-O 12. O-O-O Re8 13. h4 Qc7 14. h5 Nd5 15. hxg6 Nxc3 16. gxf7+ Kxf7 17. Qf5+ Kg8 18. Qxh7+ Kf7 19. Bh6 Nxa2+ 20. Kb1 Nc3+ 21. bxc3 d5 22.
Qxg7+ Ke6 23. Qg4+ Kf7 24. e6+ 1-0

[Event "*** Qualifier 1: Titled Tuesday 3|2 Blitz"]
[Site "Chess.com"]
[Date "2017.04.04"]
[Round "5"]
[White "HansCoolNiemann"]
[Black "VerdeNotte"]
[Result "1-0"]
[WhiteElo "2331"]
[BlackElo "2537"]
[TimeControl "180+2"]
[EndTime "14:11:27 PDT"]
[Termination "HansCoolNiemann won by resignation"]

1. d4 Nf6 2. c4 g6 3. Nc3 Bg7 4. e4 O-O 5. f4 c5 6. d5 e6 7. e5 Nh5 8. Nf3 exd5 9. g4 d4 10. Nd5 d6 11. gxh5 dxe5 12. fxe5 Bg4 13. h6 Bxe5 14. Bg2 Qd6 15. Qd2 Bxf3 16. Bxf3 Nc6 17.
O-O Rae8 18. Qg2 d3 19. Kh1 Nd4 20. Be4 Nc2 21. Rb1 Nb4 22. Nxb4 cxb4 23. Bxb7 Bd4 24. Bf4 Qc5 25. Bd5 Re2 26. Qg3 d2 27. Bd6 Qc8 28.
Bxf8 Qxf8 29. Rxf7 Qxh6 30. Qb8+ 1-0

[Event "*** Qualifier 1: Titled Tuesday 3|2 Blitz"]
[Site "Chess.com"]
[Date "2017.04.04"]
[Round "5"]
[White "Dlugy"]
[Black "daro94"]
[Result "1-0"]
[WhiteElo "2654"]
[BlackElo "2706"]
[TimeControl "180+2"]
[EndTime "14:11:35 PDT"]
[Termination "Dlugy won by resignation"]

1. d4 Nf6 2. Bf4 g6 3. Nc3 d5 4.
e3 Bg7 5. h4 c5 6. dxc5 O-O 7.
h5 Nxh5 8. Rxh5 gxh5 9. Qxh5 Nd7 10. Bd3 Nf6 11. Qh4 Ne4 12. O-O-O e5 13. Qh2 exf4 14. Bxe4 h6 15. Qxf4 Qa5 16. Bxd5 Qxc5 17. Nge2 Be6 18. Rd3 Rad8 19. Qf3 b5 20. Nf4 b4 21. Ne4 Qe7 22. Bxe6 Rxd3 23. cxd3 fxe6 24. Qg4 Rf5 25. Qg6 Re5 26. d4 Rf5 27. Nxe6 Qf7 28. Qxf7+ Rxf7 29. Kc2 Bf8 30. Kb3 Be7 31. d5 a5 32. f4 Rf5 33.
Kc4 h5 34. d6 Bh4 35. g3 Bxg3 36. Nxg3 Rf7 37. Nxh5 1-0

[Event "*** Qualifier 1: Titled Tuesday 3|2 Blitz"]
[Site "Chess.com"]
[Date "2017.04.04"]
[Round "5"]
[White "Rating-Schmating"]
[Black "politeplayer"]
[Result "1-0"]
[WhiteElo "2215"]
[BlackElo "2095"]
[TimeControl "180+2"]
[EndTime "14:11:36 PDT"]
[Termination "Rating-Schmating won by resignation"]

1. e4 c5 2. Nf3 d6 3. d4 cxd4 4.
Nxd4 Nf6 5. Nc3 Nc6 6. Be2 g6 7. Be3 Bg7 8. O-O O-O 9. f4 Bd7 10. Nxc6 Bxc6 11. Bf3 Qa5 12. Qd2 Rad8 13. Rfd1 e6 14.
Bd4 e5 15. Be3 exf4 16. Bxf4 d5 17. Nxd5 Qxd2 18. Rxd2 Rfe8 19. Rad1 Bxd5 20. exd5 Nd7 21. c3 Ne5 22. d6 Nc4 23. Rf2 Be5 24. Bxe5 Rxe5 25.
Bxb7 Rxd6 26. Rxd6 Re1+ 27. Rf1 Rxf1+ 28. Kxf1 Nxd6 29. Ba6 f5 30. Ke2 Kf7 31. Bd3 Ke6 32. Ke3 Kd5 33. g3 g5 34. b3 h5 35. a3 g4 36. c4+ Ke5 37. c5 Nf7 38. c6 h4 39.
c7 Nd6 40. Ba6 hxg3 41. hxg3 f4+ 42. gxf4+ Kf5 43. c8=Q+ 1-0

[Event "*** Qualifier 1: Titled Tuesday 3|2 Blitz"]
[Site "Chess.com"]
[Date "2017.04.04"]
[Round "5"]
[White "johnathan113"]
[Black "nihalsarin"]
[Result "1-0"]
[WhiteElo "2407"]
[BlackElo "2515"]
[TimeControl "180+2"]
[EndTime "14:11:46 PDT"]
[Termination "johnathan113 won by resignation"]

1. d4 Nf6 2. Nc3 g6 3. e4 Bg7 4. e5 Ng8 5. f4 d6 6. Nf3 Nh6 7. Be3 Bg4 8. h3 Bxf3 9. Qxf3 Nc6 10. O-O-O Nf5 11. Bf2 e6 12. g4 Nfe7 13. Bd3 Qd7 14. Ne4 O-O-O 15. c4 dxe5 16. Nc5 Qe8 17. dxe5 b6 18.
Nb3 Kb8 19. Kb1 Nb4 20. Be4 Qa4 21. a3 Nbc6 22. Rc1 Rd7 23. Bc2 Qa6 24. Rhd1 Rhd8 25. Rxd7 Rxd7 26. Qc3 g5 27. Be3 gxf4 28. Bxf4 Ng6 29.
Bg3 Ncxe5 30. Bxg6 Nxg6 31. Qxg7 Rd3 32. Rc3 Rd1+ 33. Ka2 Qc8 34. Qxf7 a5 35. Nxa5 e5 36.
Nc6+ Kb7 37. Qf3 Ka6 38. Qxd1 1-0

[Event "*** Qualifier 1: Titled Tuesday 3|2 Blitz"]
[Site "Chess.com"]
[Date "2017.04.04"]
[Round "5"]
[White "AkshatChandra"]
[Black "kleinebeer98"]
[Result "1-0"]
[WhiteElo "2641"]
[BlackElo "2482"]
[TimeControl "180+2"]
[EndTime "14:11:53 PDT"]
[Termination "AkshatChandra won by resignation"]

1. d4 Nf6 2. Nf3 e6 3. Bf4 c5 4. e3 Qb6 5. Nc3 cxd4 6. exd4 Be7 7. Bd3 O-O 8. O-O Nc6 9. Re1 h6 10. a3 a6 11. h3 Qa7 12. Qd2 b5 13. Bxh6 Ne8 14.
Be3 d5 15. Ne5 Bb7 16. Nd7 Nf6 17. Nxf8 Bxf8 18. Ne2 g6 19. c3 Na5 20. Rad1 Nc4 21. Bxc4 dxc4 22. d5 Qb8 23. dxe6 fxe6 24. Nf4 Qe8 25.
Bd4 Ne4 26. Qc2 g5 27. Rxe4 Bxe4 28. Qxe4 gxf4 29. Qxf4 Qg6 30. Re1 Re8 31. Qe5 Kf7 32.
Re3 Rd8 33. Rf3+ Ke8 34. Rf6 Qb1+ 35. Kh2 1-0

[Event "*** Qualifier 1: Titled Tuesday 3|2 Blitz"]
[Site "Chess.com"]
[Date "2017.04.04"]
[Round "5"]
[White "FairChess_on_YouTube"]
[Black "evgenyermolaev"]
[Result "1-0"]
[WhiteElo "2730"]
[BlackElo "2384"]
[TimeControl "180+2"]
[EndTime "14:11:54 PDT"]
[Termination "FairChess_on_YouTube won on time"]

1. d4 Nf6 2. Bg5 d5 3. Nd2 Nbd7 4. Ngf3 e6 5. e3 c5 6. c3 h6 7. Bh4 Bd6 8. Bd3 O-O 9. O-O Qc7 10. Rc1 b6 11. c4 Bb7 12. cxd5 Nxd5 13. Ne4 f5 14. Nxd6 Qxd6 15. Bg3 Qe7 16. Bb5 Rac8 17. Qa4 N7f6 18. Ne5 a6 19. Be2 Qe8 20. Qxe8 Rfxe8 21. dxc5 bxc5 22.
Nc4 Ne4 23. Nd6 Nxd6 24. Bxd6 Rc6 25. Be5 Rec8 26. Rfd1 Rb6 27. b3 a5 28. Bc4 Kf7 29.
f3 a4 30. bxa4 Ra8 31. Bb5 Bc6 32. e4 fxe4 33. fxe4 Nb4 34. Rxc5 Bxb5 35. axb5 Rxa2 36. Rc7+ Kg6 37. Rxg7+ Kh5 38. Bf6 1-0

[Event "*** Qualifier 1: Titled Tuesday 3|2 Blitz"]
[Site "Chess.com"]
[Date "2017.04.04"]
[Round "5"]
[White "dhanushbharadwaj"]
[Black "TheLancer"]
[Result "0-1"]
[WhiteElo "2433"]
[BlackElo "2470"]
[TimeControl "180+2"]
[EndTime "14:11:55 PDT"]
[Termination "TheLancer won by checkmate"]

1. Nf3 c5 2. c4 g6 3. Nc3 Bg7 4.
g3 Nc6 5. Bg2 d6 6. O-O e5 7. a3 Nge7 8. b4 e4 9. Ng5 h6 10. Nh3 O-O 11. Nf4 f5 12. Bb2 Ne5 13. Qb3 N7c6 14. e3 g5 15. Nfd5 Nd3 16. Rfd1 Nce5 17.
Rab1 b6 18. Ba1 Ba6 19. b5 Bb7 20. Na2 Bxd5 21. cxd5 h5 22. Bxe5 Nxe5 23. Nc1 c4 24.
Qb4 Rc8 25. Ne2 Nd3 26. Qa4 Qe7 27. Nd4 Bxd4 28. exd4 Qg7 29. Bf1 Rf7 30. Bxd3 exd3 31. Qb4 Qf6 32. Re1 Re7 33. Rbc1 f4 34. Rxe7 Qxe7 35.
Rxc4 Qe1+ 36. Kg2 f3+ 37. Kxf3 Rf8+ 38. Kg2 Qxf2+ 39. Kh3 Qf1# 0-1

[Event "*** Qualifier 1: Titled Tuesday 3|2 Blitz"]
[Site "Chess.com"]
[Date "2017.04.04"]
[Round "5"]
[White "Grebeniuk-S"]
[Black "AnkitGajwa"]
[Result "1-0"]
[WhiteElo "2409"]
[BlackElo "1714"]
[TimeControl "180+2"]
[EndTime "14:11:58 PDT"]
[Termination "Grebeniuk-S won by resignation"]

1. e4 e5 2. Nc3 Nc6 3. f4 exf4 4.
Nf3 g5 5. Bc4 Bg7 6. h4 g4 7.
Ng5 Ne5 8. Bb3 h6 9. d4 hxg5 10. dxe5 Bxe5 11. Bxf7+ Kxf7 12. Qd5+ Kg7 13. Qxe5+ Qf6 14.
Qxc7 Ne7 15. Bd2 Qc6 16. Qe5+ Qf6 17. Qc7 Rxh4 18. Rxh4 gxh4 19. Bxf4 Ng6 20. Bd6 Qg5 21. Nd5 h3 22. gxh3 gxh3 23. Qc3+ Kf7 24. Qxh3 Qg1+ 25. Ke2 Qd4 26. Rf1+ Kg8 27. Qf5 Qc4+ 28. Kd2 Qd4+ 29.
Kc1 Qg7 30. Nf6+ Kf7 31. Nh5+ 1-0

[Event "*** Qualifier 1: Titled Tuesday 3|2 Blitz"]
[Site "Chess.com"]
[Date "2017.04.04"]
[Round "5"]
[White "VladDobrov"]
[Black "jcibarra"]
[Result "0-1"]
[WhiteElo "2525"]
[BlackElo "2664"]
[TimeControl "180+2"]
[EndTime "14:11:59 PDT"]
[Termination "jcibarra won by resignation"]

1. d4 Nf6 2. c4 d6 3. Nf3 g6 4.
Nc3 Bf5 5. g3 Ne4 6. Bg2 Nxc3 7.
bxc3 Be4 8. O-O Bg7 9. Qb3 O-O 10.
a4 b6 11. a5 Nc6 12. a6 Na5 13. Qa2 Qc8 14. Bg5 h6 15. Bxe7 Re8 16. Bh4 g5 17.
Bxg5 hxg5 18. Nxg5 Bxg2 19. Kxg2 Qxa6 20. Qc2 Qxc4 21. Qh7+ Kf8 22. e4 f6 23. Qf5 Ke7 24.
Ra4 Qg8 25. e5 fxg5 26. Re1 d5 27. c4 Nxc4 28. e6 Red8 29. Qxg5+ Bf6 30. Qf4 Rd6 31. h4 a5 32. Qf3 Rf8 33. Rxc4 dxc4 34. Qb7 Rc8 35. d5 c3 36. Re2 Bxh4 37. Re4 Bf6 38. Rc4 Qd8 39. Qa6 Rxd5 0-1

[Event "*** Qualifier 1: Titled Tuesday 3|2 Blitz"]
[Site "Chess.com"]
[Date "2017.04.04"]
[Round "5"]
[White "armago"]
[Black "Th3ChessViking"]
[Result "0-1"]
[WhiteElo "2194"]
[BlackElo "2340"]
[TimeControl "180+2"]
[EndTime "14:12:00 PDT"]
[Termination "Th3ChessViking won on time"]

1. d4 Nf6 2. c4 c5 3. d5 e5 4. Nc3 d6 5. e4 Nbd7 6. Bd3 Be7 7. Nge2 a6 8. a4 O-O 9. Ng3 Ne8 10. h4 Rb8 11. Nf5 Bf6 12. h5 Bg5 13. Qg4 Bxc1 14. Rxc1 Ndf6 15. Qf3 Bxf5 16. exf5 h6 17. g4 Nh7 18. Ne4 Nef6 19. Nxf6+ Qxf6 20. Kf1 Ng5 21. Qe3 e4 22. Bxe4 Rfe8 23. f3 Qxb2 24.
Re1 b5 25. axb5 axb5 26. Qf4 Re5 27. Rb1 Qa2 28. Rxb5 Qxc4+ 29. Bd3 Qxd3+ 0-1

[Event "*** Qualifier 1: Titled Tuesday 3|2 Blitz"]
[Site "Chess.com"]
[Date "2017.04.04"]
[Round "5"]
[White "FearNoEvil12"]
[Black "TooOldTooSlow70"]
[Result "0-1"]
[WhiteElo "2093"]
[BlackElo "2309"]
[TimeControl "180+2"]
[EndTime "14:12:00 PDT"]
[Termination "TooOldTooSlow70 won by checkmate"]

1. e4 e5 2. d4 exd4 3. Bc4 d6 4.
Nf3 Nf6 5. Nxd4 Be7 6. Nc3 O-O 7. h3 Nxe4 8. Nxe4 d5 9. O-O dxc4 10. Be3 Qd5 11.
Qf3 Be6 12. Rad1 Nc6 13. c3 Ne5 14. Qf4 Nd3 15. Qf3 Nxb2 16. Rd2 Nd3 17. Nxe6 fxe6 18. Qg4 Qf5 19. Bd4 Qxg4 20. hxg4 b5 21. Rb1 c6 22. g3 a6 23. f4 Rad8 24. Rh2 c5 25. Be3 b4 26. Kg2 h6 27. Rbh1 b3 28. axb3 cxb3 29.
g5 hxg5 30. fxg5 Kf7 31. Rh7 b2 32. R1h6 b1=Q 33. g6+ Ke8 34. Rxg7 Ne1+ 35. Kh3 Qxe4 36. Rhh7 Rd7 37. Bg5 Qf5+ 38. g4 Qf3+ 39. Kh4 Ng2+ 40. Kh5 Qh3+ 41. Bh4 Qxh4# 0-1

[Event "*** Qualifier 1: Titled Tuesday 3|2 Blitz"]
[Site "Chess.com"]
[Date "2017.04.04"]
[Round "5"]
[White "Bad4life"]
[Black "GrigorGrigorov"]
[Result "1-0"]
[WhiteElo "2265"]
[BlackElo "2498"]
[TimeControl "180+2"]
[EndTime "14:12:03 PDT"]
[Termination "Bad4life won by resignation"]

1. e4 c5 2. Nf3 d6 3. d4 cxd4 4.
Nxd4 Nf6 5. Nc3 a6 6. a3 e5 7. Nf5 d5 8. Bg5 d4 9. Bxf6 Qxf6 10. Nd5 Qd8 11. Qg4 g6 12. Qg3 Nc6 13. Nxd4 Bd6 14.
Nxc6 bxc6 15. Ne3 O-O 16. Bc4 Rb8 17. Nd1 Qa5+ 18. c3 Qc5 19. Qd3 a5 20. O-O Rd8 21. b4 Qa7 22. h3 Be7 23. Qf3 Bg5 24.
Ne3 Rd2 25. Rad1 Rxd1 26. Rxd1 Kg7 27. Rd6 axb4 28. axb4 Bf4 29. g3 Bxe3 30. Qf6+ Kh6 31. Qh4+ Kg7 32. Qf6+ Kh6 33. fxe3 Qxe3+ 34. Kg2 Qd2+ 35.
Rxd2 1-0

[Event "*** Qualifier 1: Titled Tuesday 3|2 Blitz"]
[Site "Chess.com"]
[Date "2017.04.04"]
[Round "5"]
[White "RobertoJBM"]
[Black "Kacparov"]
[Result "0-1"]
[WhiteElo "2408"]
[BlackElo "2612"]
[TimeControl "180+2"]
[EndTime "14:12:04 PDT"]
[Termination "Kacparov won by checkmate"]

1. d4 Nf6 2. Nf3 d6 3. c4 g6 4. Nc3 Bg7 5. e4 O-O 6. Be2 Na6 7. O-O c5 8. d5 e6 9. h3 exd5 10. exd5 Nc7 11. Bf4 Re8 12. Re1 Ne4 13. Nxe4 Rxe4 14. Bg5 Bf6 15. Bxf6 Qxf6 16. Qb3 b6 17. Bd3 Rxe1+ 18.
Nxe1 Bd7 19. Nc2 Re8 20. Re1 Rxe1+ 21. Nxe1 Qf4 22. Qc2 a6 23. b3 b5 24. Qe2 Kf8 25. Nc2 b4 26. Ne3 a5 27. g3 Qd4 28. h4 h5 29. Kg2 a4 30. Qc2 a3 31. Qe2 Ne8 32. Nc2 Qb2 33. Ne3 Qd4 34. Nc2 Qc3 35.
Ne3 Nf6 36. Qc2 Qd4 37. Kg1 Kg7 38. Kh2 Bg4 39. Kg2 Bc8 40. Kg1 Bd7 41. Kg2 Bg4 42. Kg1 Bf3 43. Nf1 Ne4 44. Nh2 Bd1 45. Nf3 Bxc2 46. Nxd4 Bxd3 47. Nb5 Bb1 48. f3 Bxa2 49.
fxe4 Bxb3 50. e5 a2 51. exd6 a1=Q+ 52. Kf2 Qf6+ 53. Ke3 Bxc4 54. Nc7 Qd4+ 55. Kf3 Bxd5+ 56. Ke2 Bc6 57. d7 Bxd7 58. g4 Bxg4+ 59. Kf1 Qd2 60. Ne8+ Kh8 61. Nf6 Bf3 62. Ne4 Qe2+ 63. Kg1 Qg2# 0-1

[Event "*** Qualifier 1: Titled Tuesday 3|2 Blitz"]
[Site "Chess.com"]
[Date "2017.04.04"]
[Round "5"]
[White "Rodalquilar"]
[Black "GMOratovsky"]
[Result "1-0"]
[WhiteElo "2563"]
[BlackElo "2329"]
[TimeControl "180+2"]
[EndTime "14:12:05 PDT"]
[Termination "Rodalquilar won by checkmate"]

1. d4 d6 2. e4 Nf6 3. Nc3 e5 4.
Nf3 Nbd7 5. Bc4 exd4 6. Nxd4 Nb6 7. Be2 Be7 8. O-O O-O 9. Re1 c6 10. a4 a5 11. Bf1 d5 12. e5 Ne8 13. f4 g6 14. f5 Bc5 15. Be3 Bxd4 16. Qxd4 Nd7 17.
Bh6 Ng7 18. Bd3 Re8 19. Nxd5 cxd5 20. e6 Qf6 21. exf7+ Kxf7 22. Qxd5+ Kf8 23. fxg6 Rxe1+ 24. Rxe1 hxg6 25. Rf1 Qxf1+ 26. Kxf1 Nf6 27. Qd8+ Kf7 28. Bc4+ Be6 29. Bxe6+ Nxe6 30. Qxa8 Ng4 31. Qxb7+ Kf6 32. Bd2 Nxh2+ 33. Kg1 Ng4 34. Bxa5 g5 35. Bc3+ Kf5 36.
Qd5+ Ne5 37. Qxe5+ Kg4 38. Qxe6+ Kg3 39. Be1+ Kf4 40.
Qf6+ Kg4 41. a5 Kh5 42. Bd2 g4 43.
Qg5# 1-0

[Event "*** Qualifier 1: Titled Tuesday 3|2 Blitz"]
[Site "Chess.com"]
[Date "2017.04.04"]
[Round "5"]
[White "scrapnel"]
[Black "GeorgMeier"]
[Result "0-1"]
[WhiteElo "2282"]
[BlackElo "2713"]
[TimeControl "180+2"]
[EndTime "14:12:10 PDT"]
[Termination "GeorgMeier won by resignation"]

1. d4 e6 2. c4 Nf6 3. Nc3 d5 4. cxd5 exd5 5. Bg5 c6 6. e3 h6 7. Bh4 Bf5 8. Nf3 Bc8 9. Bd3 Be7 10. Qc2 a5 11. O-O Nbd7 12. Ne5 Nxe5 13. dxe5 Nd7 14. Bxe7 Qxe7 15. f4 Nc5 16. e4 d4 17. Ne2 Bg4 18.
Ng3 Rd8 19. h3 Bc8 20. Rac1 b6 21. Bc4 O-O 22. Nf5 Bxf5 23. exf5 Kh8 24. Qf2 f6 25. e6 d3 26. Qe3 Rd6 27. a3 a4 28. Rfd1 Rfd8 29.
Rd2 Rd4 30. Rc3 Qd6 31. g3 b5 32. Ba2 Ne4 33. e7 Qxe7 34. Rcxd3 Rxd3 35. Rxd3 Rxd3 36.
Qxd3 Qc5+ 0-1

[Event "*** Qualifier 1: Titled Tuesday 3|2 Blitz"]
[Site "Chess.com"]
[Date "2017.04.04"]
[Round "5"]
[White "sergiochess83"]
[Black "EvgenyT"]
[Result "1/2-1/2"]
[WhiteElo "2674"]
[BlackElo "2466"]
[TimeControl "180+2"]
[EndTime "14:12:25 PDT"]
[Termination "Game drawn by agreement"]

1. e4 e5 2. Nf3 Nc6 3. Bc4 Bc5 4. O-O Nf6 5. d3 d6 6. c3 a6 7. h3 Ba7 8. Bb3 O-O 9. Re1 Ne7 10. Nbd2 Ng6 11.
Nf1 c6 12. d4 exd4 13. cxd4 d5 14. exd5 Nxd5 15. Ng3 Re8 16. Rxe8+ Qxe8 17. Bxd5 cxd5 18.
Qb3 Qb5 19. Qxb5 axb5 20. Bd2 Bd7 21. Rc1 Bb6 22. a3 f6 23. Ne2 Kf7 24. Bb4 Ne7 25. Bc5 Ba5 26. Nc3 Bc6 27. Ne1 Nf5 28. Nc2 h5 29. g3 g5 30. Kg2 Re8 31. Nb4 Bxb4 32. axb4 Ra8 33. Re1 g4 34. hxg4 hxg4 35. Nd1 Re8 36.
Rxe8 Bxe8 37. Ne3 Nxe3+ 38. fxe3 Ke6 1/2-1/2

[Event "*** Qualifier 1: Titled Tuesday 3|2 Blitz"]
[Site "Chess.com"]
[Date "2017.04.04"]
[Round "5"]
[White "justantan"]
[Black "FLchessplayer"]
[Result "1-0"]
[WhiteElo "2125"]
[BlackElo "2033"]
[TimeControl "180+2"]
[EndTime "14:12:26 PDT"]
[Termination "justantan won by checkmate"]

1. e4 c5 2. Nf3 d6 3. d4 cxd4 4.
Nxd4 Nf6 5. Nc3 a6 6. h3 e6 7. g4 Qc7 8. g5 Nfd7 9. Be3 Nb6 10. Qe2 N8d7 11. O-O-O Ne5 12. Kb1 Nec4 13. Bc1 Bd7 14. f4 Be7 15. f5 e5 16. Nf3 Rc8 17. Rg1 f6 18. h4 O-O 19. Qg2 Na3+ 20. Ka1 Nb5 21.
gxf6 Bxf6 22. Bg5 Be8 23. Bxf6 Rxf6 24. Bxb5 axb5 25. Qg5 Kh8 26. Rg2 Rf7 27. Rdg1 b4 28. Nd1 Bc6 29. Nf2 Qe7 30. Qh5 Rcf8 31. Ng5 h6 32.
Qg6 hxg5 33. hxg5 Kg8 34. Rh2 Rxf5 35. exf5 Nc4 36. Ng4 Ra8 37. Nf6+ Kf8 38. Rh8# 1-0

[Event "*** Qualifier 1: Titled Tuesday 3|2 Blitz"]
[Site "Chess.com"]
[Date "2017.04.04"]
[Round "5"]
[White "biveklama"]
[Black "ZEN-22"]
[Result "0-1"]
[WhiteElo "2191"]
[BlackElo "2342"]
[TimeControl "180+2"]
[EndTime "14:12:29 PDT"]
[Termination "ZEN-22 won by resignation"]

1. e4 c5 2. Nf3 Nf6 3. Nc3 d5 4.
Bb5+ Bd7 5. Bxd7+ Qxd7 6. exd5 Nxd5 7. Nxd5 Qxd5 8. O-O Nc6 9. d3 e6 10. b3 Be7 11.
Bb2 O-O 12. Re1 Rad8 13. Qe2 Rfe8 14. Qe3 Bf8 15. Qf4 f6 16. Qa4 Nb4 17. Rac1 a6 18. a3 b5 19. Qa5 Nc6 20. Qxa6 Nd4 21. Bxd4 cxd4 22. Re4 Ra8 23. Qb6 e5 24. Rce1 Reb8 25. Qc7 Rb7 26. Rxd4 exd4 27. Qg3 Bxa3 28. h4 Bd6 29. Qg4 h6 30. Nxd4 h5 31. Qg6 Qxd4 32. Re8+ Rxe8 33. Qxe8+ Bf8 34. Qe6+ Rf7 35. g3 Qc3 36.
Qe2 b4 37. Qxh5 Qxc2 38. Qf3 Qxb3 39. Qe4 Qc3 40. Kg2 b3 41. d4 Qc2 42. Qe6 b2 0-1

[Event "*** Qualifier 1: Titled Tuesday 3|2 Blitz"]
[Site "Chess.com"]
[Date "2017.04.04"]
[Round "5"]
[White "DavidMarkosyan"]
[Black "Tesla37"]
[Result "0-1"]
[WhiteElo "2351"]
[BlackElo "2571"]
[TimeControl "180+2"]
[EndTime "14:12:30 PDT"]
[Termination "Tesla37 won by resignation"]

1. e4 c5 2. Nf3 e6 3. d3 Nc6 4. g3 Nf6 5. Bg2 g6 6. O-O Bg7 7. Re1 d5 8. Nbd2 O-O 9. c3 b6 10. e5 Nd7 11. d4 Ba6 12. a3 Qc7 13. Nf1 Rac8 14. Ne3 Rfe8 15. h4 cxd4 16. cxd4 f6 17.
exf6 Nxf6 18. b4 Ne4 19. Bb2 Rf8 20. Rc1 Qd6 21. Ng4 Ne7 22. Rxc8 Rxc8 23. Ng5 Nxg5 24.
hxg5 Nf5 25. Ne5 Qe7 26. Qd2 Nd6 27. Rc1 Rxc1+ 28. Qxc1 Nc4 29. Nxc4 Bxc4 30. Qf4 Bf8 31. Bh3 Bb5 32. Qe5 Bd7 33. f4 Kf7 34. Qh8 Ke8 35.
Qe5 Qd6 36. Qxd6 Bxd6 37. Kf2 Ke7 38. Bf1 Ba4 39. Bd3 Kd7 40. Kf3 Bd1+ 41. Ke3 Kc6 42. Bc3 Ba4 43. g4 Bd1 44. f5 Bxg4 45. fxg6 hxg6 46.
Bxg6 Kd7 47. Bd3 Ke7 48. a4 Kf7 49. b5 Bf5 50. a5 Kg6 51. a6 Kxg5 52. Bd2 Bf4+ 53.
Ke2 Bxd3+ 54. Kxd3 Bxd2 55. Kxd2 Kf4 56. Kd3 Kf3 57. Kd2 Ke4 58. Kc3 Ke3 0-1

[Event "*** Qualifier 1: Titled Tuesday 3|2 Blitz"]
[Site "Chess.com"]
[Date "2017.04.04"]
[Round "5"]
[White "Duhless"]
[Black "superjem123"]
[Result "1-0"]
[WhiteElo "2724"]
[BlackElo "2522"]
[TimeControl "180+2"]
[EndTime "14:12:35 PDT"]
[Termination "Duhless won on time"]

1. c4 c5 2. Nf3 g6 3. d4 cxd4 4.
Nxd4 Nc6 5. e4 d6 6. Nc3 Nxd4 7.
Qxd4 Nf6 8. Be2 Bg7 9. Be3 O-O 10. Qd2 a5 11. O-O a4 12. Rab1 Qa5 13. Rfc1 Be6 14. f3 Rfc8 15. Nb5 Qxd2 16. Bxd2 Nd7 17.
Be3 Nc5 18. Nd4 Bd7 19. Rd1 Ne6 20. Nb5 Nc5 21. Rd2 Bf6 22. Bf1 Kg7 23. Rbd1 Be6 24. Na3 Bd7 25. Bd4 Bxd4+ 26. Rxd4 Ne6 27. R4d2 Rc5 28. Kf2 Rac8 29. Ke3 f5 30. exf5 gxf5 31. f4 Nf8 32. g3 Bc6 33. Nc2 Be4 34. Nd4 e5 35. Nb5 exf4+ 36. gxf4 d5 37. Nd6 R8c6 38. Nxe4 dxe4 39. Rd5 1-0